 Dungeon Crawl Stone Soup version 0.27-a0-1378-gdefffd1ff6 (webtiles) character file.

Game seed: 13212220022365466404

89 epicjoe the Skirmisher (level 4, -1/35 HPs)
             Began as a Demonspawn Abyssal Knight on June 27, 2021.
             Was a Believer of Makhleb.
             Slain by a small abomination (4 damage)
             ... created by the touch of Lugonu
             ... on level 2 of the Dungeon on June 30, 2021.
             The game lasted 00:10:14 (1604 turns).

epicjoe the Skirmisher (Demonspawn Abyssal Knight)  Turns: 1604, Time: 00:10:15

Health: -1/35      AC: 11    Str: 13    XL:     4   Next: 31%
Magic:  5/5        EV:  8    Int: 20    God:    Makhleb [**....]
Gold:   53         SH:  0    Dex: 12    Spells: 3/3 levels left

rFire    x . .     SeeInvis .   a - +1 hand axe
rCold    + + .     Faith    .   (no shield)
rNeg     . . .     Spirit   .   g - +0 ice dragon scales
rPois    .         Reflect  .   o - +0 helmet
rElec    .         Harm     .   (no cloak)
rCorr    .         Rampage  .   (no gloves)
Will     .....                  (no boots)
Stlth    ..........             (no amulet)
HPRegen  0.11/turn              j - +6 ring of intelligence
MPRegen  0.09/turn              (no ring)

@: no status effects
A: powered by death 1
a: Renounce Religion, Minor Destruction


You were on level 2 of the Dungeon.
You worshipped Makhleb.
Makhleb was pleased with you.
You visited 1 branch of the dungeon, and saw 2 of its levels.
You visited the Abyss 1 time.

You collected 53 gold pieces.

Inventory:

Hand Weapons
 a - a +1 hand axe (weapon)
 n - a +2 spear of flaming
Armour
 b - a +0 leather armour
 g - +0 ice dragon scales (worn)
 o - a +0 helmet (worn)
Jewellery
 j - a +6 ring of intelligence (left hand)
Scrolls
 d - a scroll of noise {unknown}
 e - a scroll of enchant armour {unknown}
 f - a scroll of teleportation {unknown}
 i - a scroll of identify {unknown}
 k - a scroll of magic mapping {unknown}
Potions
 c - a potion of flight {unknown}
 h - a potion of haste {unknown}
 l - a potion of cancellation {unknown}
 m - a potion of mutation {unknown}


   Skills:
 + Level 3.4 Fighting
 + Level 2.8 Axes
 + Level 2.8 Armour
 + Level 1.2 Dodging
 + Level 0.2 Stealth
 + Level 2.6 Invocations


You had 3 spell levels left.
You didn't know any spells.
Your spell library was empty.

Dungeon Overview and Level Annotations

Branches:
Dungeon (2/15)

Altars:
Makhleb


Innate Abilities, Weirdness & Mutations

You regenerate a little health from kills.


Message History

Your ice dragon scales prevents you from hitting the goblin.
The goblin closely misses you.
You closely miss the goblin.
The goblin hits you but does no damage. x2
You closely miss the goblin. The goblin barely misses you.
You closely miss the goblin. The goblin hits you but does no damage.
You slash the goblin!
You kill the goblin!
Makhleb accepts your kill.
Items here: ))))))) [[ ††.
n - a +2 spear of flaming You start putting on your armour.
You continue putting on your +0 helmet. x4
You finish putting on your +0 helmet.
You start resting.
Lugonu sends minions to punish you.
A small abomination comes into view.
You hit the small abomination.
The small abomination is lightly damaged.
Your ice dragon scales prevents you from hitting the small abomination.
The small abomination is lightly damaged.
The small abomination hits you!
You hit the small abomination.
The small abomination is lightly damaged.
The small abomination barely misses you.
You hit the small abomination but do no damage.
The small abomination is lightly damaged.
The small abomination hits you!
* * * LOW HITPOINT WARNING * * *
You hit the small abomination.
The small abomination is moderately damaged.
The small abomination closely misses you.
You hit the small abomination but do no damage.
The small abomination is moderately damaged.
The small abomination barely misses you.
You completely miss the small abomination.
The small abomination is moderately damaged.
The small abomination barely misses you.
You barely miss the small abomination.
The small abomination is moderately damaged.
The small abomination hits you.
You die...

#..g....# #.......
########.(....
#.....##.....
#.....##.... #.....# ...
#.....# #'# ########
#####.†(..###)# #.......
#......)...x@.# #.######
#.####################.#
#. #.# #..........# #.
#.# #.########## #. #†#
#.# #. #.###########.#
#. #.............# ##
###############


You could see a small abomination.

Vanquished Creatures
  Jessica (D:2)
  Robin (D:2)
  An adder (D:2)
  A dart slug (D:1)
  3 ball pythons
  2 bats
  3 endoplasms (D:1)
  13 goblins
  5 hobgoblins (D:1)
  A quokka (D:1)
  3 kobolds (D:1)
  3 rats (D:1)
37 creatures vanquished.

Notes
Turn   | Place    | Note
-------+----------+-------------------------------------------
     0 | Abyss:1  | epicjoe the Demonspawn Abyssal Knight began the quest for
                  | the Orb.
     0 | Abyss:1  | Reached XP level 1. HP: 18/18 MP: 2/2
   128 | Abyss:1  | Noticed a large abomination
   130 | Abyss:1  | Noticed a small abomination
   132 | D:1      | Escaped the Abyss
   341 | D:1      | Found a faded altar of an unknown god.
   347 | D:1      | Fell from the grace of Lugonu
   347 | D:1      | Became a worshipper of Makhleb the Destroyer
   347 | D:1      | Reached * piety under Makhleb
   467 | D:1      | Reached skill level 1 in Dodging
   586 | D:1      | Gained mutation: You regenerate a little health from kills.
                  | [demonic ancestry]
   586 | D:1      | Reached XP level 2. HP: 24/24 MP: 3/3
  1456 | D:2      | Reached XP level 3. HP: 29/29 MP: 4/4
  1480 | D:2      | Upgraded the game from 0.27-a0-1347-gd8886f0a89 to
                  | 0.27-a0-1378-gdefffd1ff6
  1481 | D:2      | Noticed Jessica
  1488 | D:2      | Killed Jessica
  1518 | D:2      | Noticed Robin
  1524 | D:2      | Reached XP level 4. HP: 35/35 MP: 5/5
  1540 | D:2      | Reached ** piety under Makhleb
  1543 | D:2      | HP: 1/35 [goblin[Robin] (3)]
  1548 | D:2      | Killed Robin
  1604 | D:2      | Slain by a small abomination

Illustrated notes

Levels and vault maps discovered:
D:1:      sevenhm_arrival_forest_fort_large_2, layout_basic,
          hellmonk_ecumenical_altar_heavens_door, corexii_leaking_fountain
D:2:      layout_basic, minmay_worlds_worst_comb, uniq_robin, uniq_jessica

Skill      XL: |  1  2 |
---------------+-------+-----
Dodging        | 1 |  1.2
Armour         | 2 |  2.8
Axes           | 2 |  2.8
Fighting       | |  3.4
Stealth        | |  0.2
Invocations    | |  2.6

Action                   |  1- 3 |  4- 6 || total
-------------------------+-------+-------++-------
Melee: Hand axe          |    82 |    39 ||   121
Armor: Ice dragon scales |    56 |    21 ||    77
       Leather armour    |     1 |       ||     1
Dodge: Dodged            |    49 |    13 ||    62

Table legend: (Time is in decaauts)
 A = Elapsed time spent in this place.
 B = Non-inter-level travel time spent in this place.
 C = Inter-level travel time spent in this place.
 D = Time resting spent in this place.
 E = Time spent auto-exploring this place.
 F = Levels seen in this place.
 G = Mean time per level.
                   A        B        C        D        E       F      G
               +--------+--------+--------+--------+--------+-----+--------+
         Total |   1628 |   1046 |    582 |    250 |    153 |   3 |  542.7 |
       Dungeon |   1496 |    914 |    582 |    250 |    153 |   2 |  748.0 |
         Abyss |    132 |    132 |      0 |      0 |      0 |   1 |  132.0 |
               +--------+--------+--------+--------+--------+-----+--------+

Top non-repeatable levels by time:
     D:1: 1283 daAuts
     D:2: 212 daAuts
 Abyss:1: 132 daAuts
